 Dungeon Crawl Stone Soup version 0.28-b1-25-g9875b3fc8c (webtiles) character file.

Game seed: 14825230597869684295

210 mopl the Insei (level 6, -9/42 HPs)
             Began as a Djinni Transmuter on Feb 8, 2022.
             Was a Follower of Qazlal.
             Mangled by a gnoll sergeant (17 damage)
             ... on level 6 of the Dungeon.
             The game lasted 00:03:15 (2202 turns).

mopl the Insei (Djinni Transmuter)                  Turns: 2202, Time: 00:03:16

Health: -9/42      AC:  2    Str: 17    XL:     6   Next: 12%
Gold:   76         EV: 19    Int: 15    God:    Qazlal [*.....] SH:  2 Dex: 18

rFire   . . .      SeeInvis .     - Unarmed
rCold   . . .      Faith    .   (shield currently unavailable)
rNeg    . . .      Spirit   .   (armour currently unavailable)
rPois   ∞          Reflect  .   (helmet currently unavailable)
rElec   .          Harm     .   (cloak currently unavailable)
rCorr   .          Rampage  .   (gloves currently unavailable)
Will    .....                   (boots unavailable)
Stlth   +.........              (no amulet)
HPRegen 0.14/turn               k - +6 ring of strength
MPRegen 0.00/turn               (no ring)

@: spider-form (expiring), flying
A: venomous fangs, flying, sickness immunity, tiny, (fire resistance 2), (cold
vulnerability 1), float, innate caster, HP casting, extra vitality 1
a: End Transformation, Renounce Religion


You were on level 6 of the Dungeon.
You worshipped Qazlal.
Qazlal was aware of your devotion.
You were a venomous arachnid creature.
You visited 1 branch of the dungeon, and saw 4 of its levels.

You collected 76 gold pieces.

Inventory:

Missiles
 m - 2 poisoned darts
Armour
 a - a +0 robe (melded)
 l - a +1 helmet (melded)
Jewellery
 k - a +6 ring of strength (left front leg)
Scrolls
 d - a scroll of enchant armour
Potions
 b - a potion of resistance
 c - 2 potions of haste {unknown}
 e - a potion of flight {unknown}
 f - 2 potions of curing {unknown}
 h - a potion of magic {unknown}
 i - a potion of mutation {unknown}
 j - 2 potions of brilliance {unknown}


   Skills:
 - Level 1.0 Fighting
 - Level 2.1 Dodging
 * Level 5.5 Unarmed Combat
 + Level 2.4 Spellcasting
 + Level 1.2 Invocations


You couldn't memorise any spells.
You knew the following spells:

 Your Spells              Type           Power      Damage    Failure   Level
a - Beastly Appendage     Tmut           18%        N/A       21%         1
b - Spider Form           Tmut/Pois      9%         N/A       45%         3
c - Sting                 Tmut/Pois      36%        1d4       21%         1
d - Ice Form              Ice/Tmut       9%         N/A       80%         4
e - Poisonous Vapours     Pois/Air       18%        N/A       28%         2
w - Wereblood             Tmut           9%         N/A       28%         2
Your spell library was empty.

Dungeon Overview and Level Annotations

Branches:
Dungeon (3/15)

Altars:
Qazlal


Innate Abilities, Weirdness & Mutations

You are a venomous arachnid creature.
You have poisonous fangs.
You are tiny and dextrous.
You are flying.
Your spellcasting is less reliable in this form.
Your armour is entirely melded.
You are incapable of wielding weapons or throwing items.
You are immune to sickness and miasma.
You are immune to poison.
((Your flesh is very heat resistant. (rF++)))
((You are vulnerable to cold. (rC-)))
You float through the air rather than walking.
You learn spells naturally, not from books.
Your magical power is your life essence.
You have superior vitality. (+4 MHP)


Message History

The black bear is heavily wounded.
The black bear bites you. The black bear claws you.
* * * LOW HITPOINT WARNING * * *
The black bear claws you but does no damage.
The gnoll completely misses you.
The gnoll sergeant completely misses you.
You hit the black bear.
The black bear looks as sick as possible!
The black bear is severely wounded.
The black bear goes berserk!
The gnoll misses you.
The gnoll sergeant completely misses you.
Unknown command.
You bite the black bear!
You kill the black bear!
Qazlal accepts your kill. The gnoll closely misses you.
Your Invocations skill increases to level 1!
You have reached level 6!
Your transformation is almost over.
A gnoll comes into view. It is wielding a +0 flail.
The gnoll shouts!
The gnoll sergeant closely misses you. The gnoll completely misses you.
Unknown command.
You hit the gnoll sergeant but do no damage.
The gnoll sergeant is poisoned.
The gnoll sergeant completely misses you.
The gnoll misses you.
You hit the gnoll sergeant.
The gnoll sergeant looks as sick as possible!
The gnoll sergeant is lightly wounded.
The gnoll sergeant closely misses you. The gnoll closely misses you.
The gnoll sergeant blocks your attack.
The gnoll sergeant is moderately wounded.
The gnoll sergeant hits you with a +3 spear.
* * * LOW HITPOINT WARNING * * *
The gnoll closely misses you.
You hit the gnoll sergeant but do no damage.
The gnoll sergeant is heavily wounded.
The gnoll sergeant hits you with a +3 spear!
You die...

#........
#........
##........
#.gg...g..
##.....hg..
###.##.......
##g.##
##.....
###gg## #..#
#.s### ##
####


You could see a gnoll sergeant (extremely poisoned) and 4 gnolls.

Vanquished Creatures
  A black bear (D:6)
  A scorpion (D:2)
  3 adders
  A dart slug (D:1)
  6 bats
  3 endoplasms
  3 goblins
  4 hobgoblins
  2 kobolds (D:1)
  2 quokkas
  4 ball pythons
  3 frilled lizards
  3 rats
36 creatures vanquished.

Notes
Turn   | Place    | Note
-------+----------+-------------------------------------------
     0 | D:1      | mopl the Djinni Transmuter began the quest for the Orb.
     0 | D:1      | Reached XP level 1. HP: 17/17 MP: 0/0
   577 | D:1      | Reached XP level 2. HP: 10/22 MP: 0/0
  1305 | D:2      | Noticed a scorpion
  1365 | D:2      | Reached XP level 3. HP: 27/27 MP: 0/0
  1365 | D:2      | Learned a level 1 spell: Sting
  1397 | D:2      | Killed a scorpion
  1398 | D:2      | Reached skill level 4 in Unarmed Combat
  1398 | D:2      | Reached skill level 2 in Spellcasting
  1398 | D:2      | Reached XP level 4. HP: 18/32 MP: 0/0
  1807 | D:2      | Reached skill level 5 in Unarmed Combat
  1807 | D:2      | Reached XP level 5. HP: 30/37 MP: 0/0
  1807 | D:2      | Learned a level 2 spell: Poisonous Vapours
  1959 | D:2      | Found a faded altar of an unknown god.
  1969 | D:2      | Prayed at the altar of an unknown god.
  1969 | D:2      | Became a worshipper of Qazlal Stormbringer
  1969 | D:2      | Reached * piety under Qazlal
  2174 | D:3      | You are sucked into a shaft and drop 3 floors!
  2174 | D:6      | Noticed a black bear
  2196 | D:6      | Killed a black bear
  2197 | D:6      | Reached skill level 1 in Invocations
  2197 | D:6      | Reached XP level 6. HP: 13/42 MP: 0/0
  2202 | D:6      | Mangled by a gnoll sergeant

Illustrated notes

Levels and vault maps discovered:
D:1:      dpeg_arrival_line_fractal, layout_loops_ring, hangedman_feature_mirror
D:2:      layout_rooms, shapermc_ecumenical_altar_petra
D:3:      layout_basic, solitary_fountain, chequers_serial_rivers_micro_d
D:6:      layout_cave_pods, grunt_temple_overflow_cloverleaf,
          makhleb_blood_cavern_becter, hangedman_ru_absence, zin_purify,
          uniq_eustachio

Skill      XL: |  1  2  3  4  5 |
---------------+----------------+-----
Unarmed Combat | 4 5 |  5.5
Spellcasting   | 2 |  2.4
Invocations    | 1 |  1.2
Fighting       | |  1.0
Dodging        | |  2.1

Action                   |  1- 3 |  4- 6 || total
-------------------------+-------+-------++-------
Melee: Unarmed           |    59 |    66 ||   125
       Headbutt          |     5 |     5 ||    10
       Punch             |     1 |     4 ||     5
 Cast: Beastly Appendage |    12 |     8 ||    20
       Spider Form       |     1 |     1 ||     2
 Abil: End Transformatio |       |     1 ||     1
  Use: Scroll            |       |     3 ||     3
Armor: Robe              |    12 |    18 ||    30
       Skin              |       |     4 ||     4
Dodge: Dodged            |    33 |    56 ||    89
Block: Other             |       |     2 ||     2
